 Dungeon Crawl Stone Soup version 0.31.0-1-g2c135a008e (webtiles) character file.

Game seed: 10984317449195609221

308 Descartes the Sneak (level 6, 0/30 HPs)
             Began as a Felid Shapeshifter on Jan 20, 2024.
             Killed by nerve-wracking pain
             ... invoked by an orc priest
              (8 damage)
             ... on level 4 of the Dungeon.
             The game lasted 00:08:57 (2637 turns).

Descartes the Sneak (Felid Shapeshifter)            Turns: 2637, Time: 00:08:58

Health: 0/30       AC:  6    Str: 12    XL:     6   Next: 17%
Magic:  7/7        EV: 19    Int: 13    God:
Gold:   147        SH:  0    Dex: 16    Spells: 5/5 levels left
                                        Lives:  0   Deaths: 2

rFire   . .          .
                       - Unarmed
rCold   . . .        (shield unavailable)
rNeg    . . .        (body armour unavailable)
rPois   .            (helmet unavailable)
rElec   .            (cloak unavailable)
rCorr   .            (gloves unavailable)
SInv    +            (boots unavailable)
Will    .....        (no amulet)
Stlth   +++          k - +4 ring of protection
HPRegen 0.25/turn    (no ring)
MPRegen 0.10/turn

%: no passive effects
@: beast-form
A: beast (slay +2), very small, claws 1, fangs 3, see invisible, shaggy fur 2,
stealthy paws, no weapons or thrown items, no armour, multi-lived
a: Begin Untransformation


You were on level 4 of the Dungeon.
You were a hulking beast.
You visited 1 branch of the dungeon, and saw 4 of its levels.

You collected 147 gold pieces.

Inventory:

Jewellery
 k - a +4 ring of protection (left paw)
Talismans
 b - a beast talisman
 c - a flux talisman
 m - a serpent talisman
Scrolls
 d - 2 scrolls of fog {unknown}
 f - a scroll of amnesia {unknown}
 h - 3 scrolls of identify {unknown}
 j - 2 scrolls of teleportation {unknown}
 l - a scroll of enchant armour {unknown}
 n - a scroll of vulnerability {unknown}
 o - a scroll of poison {unknown}
 p - a scroll of noise {unknown}
 q - a scroll of summoning {unknown}
Potions
 a - a potion of lignification
 e - a potion of might {unknown}
 g - 4 potions of curing {unknown}
 i - 2 potions of degeneration {unknown}


   Skills:
 - Level 1.0 Fighting
 + Level 4.6 Dodging
 * Level 5.3 Stealth
 + Level 4.0 Unarmed Combat
 + Level 3.6 Shapeshifting


You had 5 spell levels left.
You didn't know any spells.
Your spell library contained the following spells:

 Spells                   Type           Power      Damage    Failure   Level
 Call Imp                 Summ           0%         N/A       43%         2
 Sublimation of Blood     Necr           0%         N/A       43%         2
 Summon Ice Beast         Ice/Summ       0%         N/A       67%         3
 Summon Mana Viper        Hex/Summ       0%         N/A       100%        5
 Monstrous Menagerie      Summ           0%         N/A       100%        7
 Summon Hydra             Summ           0%         N/A       100%        7


Dungeon Overview and Level Annotations

Branches:
Dungeon (4/15)
 Temple: D:4-7

Altars:
Sif Muna
Vehumet


Innate Abilities, Weirdness & Mutations

You are a hulking beast.
Your limbs bulge with bestial killing power. (Slay +2)
You have sharp claws.
You have razor-sharp teeth.
You have supernaturally acute eyesight. (SInv)
You are covered in thick fur. (AC +2)
Your paws help you pounce on unaware monsters.
You are incapable of wielding weapons or throwing items.
You cannot wear armour.
You gain extra lives every three experience levels.


Message History

You see here a bombardier beetle corpse.
Found an escape hatch in the ceiling.
An orc comes into view.
It is wielding a +0 dagger. 2 orcs come into view.
An orc and an orc priest come into view.
Found a book of Beasts.
The orc priest calls down the wrath of Beogh upon you.
Beogh smites you!
The orc shouts! x3
You barely miss the orc. You barely miss the orc. The orc misses you.
You closely miss the orc. The orc closely misses you.
The orc priest looks braver for a moment.
The orc shouts!
You scratch the orc.
The orc is heavily wounded.
The orc hits you but does no damage.
You claw the orc!
You kill the orc!
The orc priest mumbles some strange prayers to Beogh against you.
Pain shoots through your body!
* * * LOW HITPOINT WARNING * * *
You are too injured to fight recklessly!
You are too injured to fight recklessly!
You are too injured to fight recklessly!
You are too injured to fight recklessly!
You are too injured to fight recklessly!
You are too injured to fight recklessly!
You are too injured to fight recklessly!
You are too injured to fight recklessly!
You are too injured to fight recklessly!
You are too injured to fight recklessly!
You are too injured to fight recklessly!
Unknown command.
Okay, then.
The orc priest attacks as it pursues you!
The orc priest misses you.
The orc priest calls down the wrath of Beogh upon you.
Pain shoots through your body!
You die...

.........####... ....:..#
..##.##....##.... ......
..#.....###.##... ....# #
..##.###...#.#..###...#.###
..###.#....#.#......)......
##...#.....#.#...o....#.#
#....#....#...#....o....#
.....#...##...#..oo.......#
....#.###.#...#.h.........#
...###...#.# #.#########..#
###.#....#.#.#.##.. ..
...#†....# #.#.##.# #
...#....#...#...#.#
<..#...##...#...#.########
..#.###.# ..#...#.........
.###...#.# #.#.#.#..#####
#.#....#.#.#.#.#.#..#


You could see an orc priest and 3 orcs.

Vanquished Creatures
  A bombardier beetle (D:4)
  An orc priest (D:4)
  6 gnolls (D:2)
  6 adders
  A white imp (D:4)
  A ribbon worm (D:2)
  7 dart slugs
  8 orcs
  8 endoplasms
  4 giant cockroaches
  12 goblins
  8 hobgoblins
  5 jackals
  6 kobolds
  2 quokkas
  4 ball pythons
  6 bats
  2 frilled lizards (D:1)
  8 rats
96 creatures vanquished.

Notes
Turn   | Place    | Note
-------+----------+-------------------------------------------
     0 | D:1      | Descartes the Felid Shapeshifter began the quest for the
                  | Orb.
     0 | D:1      | Reached XP level 1. HP: 10/10 MP: 2/2
    39 | D:1      | Reached skill level 1 in Stealth
    64 | D:1      | Reached XP level 2. HP: 12/14 MP: 3/3
   163 | D:1      | Reached skill level 2 in Stealth
   225 | D:1      | Reached XP level 3. HP: 14/18 MP: 4/4
   872 | D:2      | Reached skill level 3 in Stealth
   878 | D:2      | Mangled by a gnoll
   878 | D:2      | Lost a life (0 lives remaining)
   926 | D:2      | Reached XP level 4. HP: 20/22 MP: 5/5
   926 | D:2      | Gained a life (1 life remaining)
  1163 | D:2      | HP: 1/22 [gnoll/+0 spear (3)]
  1180 | D:2      | Slain by a gnoll
  1180 | D:2      | Lost a life (0 lives remaining)
  1196 | D:2      | Found a shimmering blue altar of Sif Muna.
  1285 | D:2      | Found a faded altar of an unknown god.
  1380 | D:2      | Reached skill level 4 in Stealth
  1433 | D:2      | Reached XP level 5. HP: 16/25 MP: 6/6
  2035 | D:3      | Found a radiant altar of Vehumet.
  2180 | D:3      | Identified the +1 kite shield of the Storm King {*Slow
                  | rElec rF++ Regen+}
  2493 | D:4      | Reached skill level 5 in Stealth
  2565 | D:4      | Gained mutation: You are covered in thick fur. (AC +2)
                  | [Felid growth]
  2565 | D:4      | Reached XP level 6. HP: 26/30 MP: 7/7
  2637 | D:4      | Killed from afar by an orc priest

Illustrated notes

Levels and vault maps discovered:
D:1:      kennysheep_arrival_forest, layout_basic,
          wander_ebering_terrifying_dragon_lair
D:2:      layout_basic, nicolae_ecumenical_pavilion, basic_altar, st_stairs_12,
          nicolae_grassy_gnolls
D:3:      layout_rooms, mainiacjoe_overflow_brackets, skrybe_limestone_x
D:4:      nicolae_BIG_FREAKIN_CUBE, layout_basic, chequers_big_river

Skill      XL: |  1  2  3  4  5  6 |
---------------+-------------------+-----
Dodging        | 3 4 |  4.6
Stealth        | 1 2 3 4 5 |  5.3
Shapeshifting  | 3 |  3.6
Unarmed Combat | 4 |  4.0
Fighting       | |  1.0

Action                     |  1- 3 |  4- 6 || total
---------------------------+-------+-------++-------
  Melee: Unarmed           |    96 |   150 ||   246
         Bite              |     9 |     9 ||    18
         Punch             |     1 |     1 ||     2
   Stab: Sleeping          |     3 |     5 ||     8
         Distracted        |       |     2 ||     2
 Armour: Skin              |    35 |    46 ||    81
  Dodge: Dodged            |    94 |   151 ||   245
